[ AOE2 MATCH · #481908320 ]
UnrankedItalians vs Vietnamese
[ REPLAY ANALYSIS · EXTRACTED FROM THE RECORDED GAME ]
Feudal
11:21
Castle
15:16
Imperial
29:00
| APM avg | 37.7 |
| APM peak | 89 |
| eAPM avg | 21.2 |
| Villagers / military | 124 / 209 |
Focus
⚔️ 42.0% · 🌾 58.0%
Genoese Crossbowman ×105 · Scout Cavalry ×84 · Knight ×5 · Mangonel ×5 · Battering Ram ×4 · Bombard Cannon ×3
Feudal
12:37
Castle
16:33
Imperial
33:42
| APM avg | 27.2 |
| APM peak | 55 |
| eAPM avg | 19.4 |
| Villagers / military | 127 / 493 |
Focus
⚔️ 37.4% · 🌾 62.6%
Skirmisher ×262 · Battle Elephant ×162 · Scout Cavalry ×29 · Knight ×15 · Rattan Archer ×10 · Fire Lancer ×7
Feudal
—
Castle
—
Imperial
—
| APM avg | 25.1 |
| APM peak | 60 |
| eAPM avg | 16.4 |
| Villagers / military | 103 / 229 |
Focus
⚔️ 50.1% · 🌾 49.9%
Cataphract ×147 · Skirmisher ×76 · Trebuchet (Packed) ×6
Feudal
—
Castle
—
Imperial
—
| APM avg | 37.0 |
| APM peak | 98 |
| eAPM avg | 24.6 |
| Villagers / military | 129 / 635 |
Focus
⚔️ 38.3% · 🌾 61.7%
Spearman ×492 · Unknown (882) ×237 · Scorpion ×130 · Trebuchet (Packed) ×8 · Petard ×5
Feudal
11:26
Castle
15:00
Imperial
30:57
| APM avg | 31.9 |
| APM peak | 68 |
| eAPM avg | 22.8 |
| Villagers / military | 157 / 354 |
Focus
⚔️ 51.2% · 🌾 48.8%
Skirmisher ×93 · Archer ×82 · Spearman ×51 · Hand Cannoneer ×38 · Mangonel ×32 · Organ Gun ×31
Feudal
—
Castle
—
Imperial
—
| APM avg | 23.3 |
| APM peak | 50 |
| eAPM avg | 17.8 |
| Villagers / military | 171 / 309 |
Focus
⚔️ 42.5% · 🌾 57.5%
Cavalry Archer ×183 · Skirmisher ×66 · Magyar Huszar ×58 · Monk ×2
Feudal
11:02
Castle
15:11
Imperial
30:20
| APM avg | 40.2 |
| APM peak | 74 |
| eAPM avg | 23.7 |
| Villagers / military | 163 / 397 |
Focus
⚔️ 30.3% · 🌾 69.7%
Archer ×244 · Scout Cavalry ×142 · Trade Cart ×5 · Battering Ram ×4 · Bombard Cannon ×3 · Monk ×2
Feudal
11:51
Castle
16:00
Imperial
33:51
| APM avg | 13.8 |
| APM peak | 33 |
| eAPM avg | 8.3 |
| Villagers / military | 77 / 21 |
Focus
⚔️ 20.2% · 🌾 79.8%
Genoese Crossbowman ×9 · Bombard Cannon ×8 · Mangonel ×3 · Battering Ram ×1
Match map
Initial resources + every placement click. Lines = walls · curves = elevation contours. ◆ gold · ⬟ stone · ● berries · ✦ relic · ◌ wall gap
Your base· ✓ Closed at 15:16 · 0t walls · 2 gate(s)
Dharos's base· ✓ Closed at 16:33 · 0t walls · 3 gate(s)
EsoTilinsito283's base· ✓ Closed at 13:38 · 0t walls · 2 gate(s)
Ghost12561's base· ✓ Closed at 16:19 · 18t walls · 3 gate(s)
guerrero.roberto.dc's base· ✓ Closed at 15:00 · 0t walls · 2 gate(s)
OozyAttic952717's base· ✓ Closed at 13:05 · 0t walls · 2 gate(s)
你过来啊's base· ✓ Closed at 15:11 · 0t walls · 2 gate(s)
GoblinMasterUK's base· ✓ Closed at 16:00 · 0t walls · 2 gate(s)
Smoothed initial terrain · ◌ = detected wall gap · hover for details
Inputs per minute
— Pomfret - - Dharos
Build order — Pomfret
First 150 of 539 actions detected
| 0:01 | Create | Villager (Male) |
| 0:01 | Create | Villager (Male) |
| 0:01 | Create | Villager (Male) |
| 0:02 | Create | Villager (Male) |
| 0:03 | Build | House |
| 0:04 | Build | House |
| 1:28 | Create | Villager (Male) |
| 1:44 | Create | Villager (Male) |
| 2:19 | Build | Lumber Camp |
| 2:26 | Create | Villager (Male) |
| 2:26 | Create | Villager (Male) |
| 2:58 | Create | Villager (Male) |
| 3:32 | Create | Villager (Male) |
| 3:52 | Build | House |
| 3:52 | Build | House |
| 4:03 | Create | Villager (Male) |
| 4:19 | Create | Villager (Male) |
| 4:32 | Create | Villager (Male) |
| 4:36 | Build | Mill |
| 5:08 | Create | Villager (Male) |
| 5:08 | Create | Villager (Male) |
| 5:25 | Create | Villager (Male) |
| 5:46 | Create | Villager (Male) |
| 6:17 | Create | Villager (Male) |
| 6:38 | Create | Villager (Male) |
| 6:44 | Create | Villager (Male) |
| 7:09 | Create | Villager (Male) |
| 7:13 | Build | House |
| 7:26 | Build | Lumber Camp |
| 7:35 | Build | Farm |
| 7:38 | Create | Villager (Male) |
| 8:53 | Build | Mining Camp |
| 8:58 | Research | Feudal Age |
| 9:03 | Build | Farm |
| 9:16 | Build | Farm |
| 9:50 | Create | Villager (Male) |
| 9:51 | Create | Villager (Male) |
| 10:06 | Build | Farm |
| 10:22 | Build | Farm |
| 11:21 | Age | Feudal Age |
| 11:25 | Build | Market |
| 11:26 | Build | Blacksmith |
| 11:44 | Build | House |
| 11:51 | Create | Villager (Male) |
| 12:07 | Build | Farm |
| 12:24 | Research | Castle Age |
| 12:46 | Research | Double-Bit Axe |
| 12:57 | Build | House |
| 12:58 | Build | House |
| 13:37 | Build | House |
| 13:52 | Research | Horse Collar |
| 14:14 | Research | Town Watch |
| 14:16 | Research | Loom |
| 14:30 | Build | House |
| 14:40 | Build | House |
| 15:16 | Age | Castle Age |
| 15:19 | Build | Town Center |
| 15:24 | Research | Bow Saw |
| 15:25 | Create | Villager (Male) |
| 15:31 | Build | Siege Workshop |
| 15:38 | Build | House |
| 16:00 | Build | Town Center |
| 16:05 | Create | Villager (Male) |
| 16:05 | Create | Villager (Male) |
| 16:10 | Build | House |
| 16:35 | Create | Villager (Male) |
| 16:45 | Create | Villager (Male) |
| 16:46 | Create | Villager (Male) |
| 16:46 | Create | Villager (Male) |
| 17:00 | Create | Villager (Male) |
| 17:00 | Create | Villager (Male) |
| 17:03 | Build | Farm |
| 17:04 | Build | Farm |
| 17:05 | Create | Villager (Male) |
| 17:11 | Build | House |
| 17:14 | Build | Mining Camp |
| 17:30 | Build | Palisade Gate |
| 17:35 | Create | Villager (Male) |
| 17:37 | Build | Farm |
| 17:38 | Create | Villager (Male) |
| 17:39 | Create | Villager (Male) |
| 17:44 | Create | Villager (Male) |
| 17:48 | Create | Villager (Male) |
| 17:48 | Create | Villager (Male) |
| 17:51 | Create | Villager (Male) |
| 17:53 | Build | Farm |
| 17:54 | Build | Farm |
| 17:56 | Build | Farm |
| 18:18 | Build | Stone Wall |
| 18:19 | Build | Stone Wall |
| 18:19 | Build | Stone Wall |
| 18:20 | Build | Stone Wall |
| 18:21 | Build | Stone Wall |
| 18:22 | Create | Villager (Male) |
| 18:22 | Create | Villager (Male) |
| 18:30 | Build | Stone Wall |
| 18:37 | Build | Stone Wall |
| 18:41 | Create | Villager (Male) |
| 18:45 | Build | Stone Wall |
| 18:48 | Build | Stone Wall |
| 18:49 | Build | Stone Wall |
| 18:49 | Build | Stone Wall |
| 18:50 | Build | Stone Wall |
| 18:50 | Build | Stone Wall |
| 18:51 | Create | Mangonel |
| 18:52 | Create | Villager (Male) |
| 18:53 | Create | Villager (Male) |
| 18:56 | Build | Farm |
| 19:00 | Build | Farm |
| 19:01 | Create | Villager (Male) |
| 19:14 | Create | Villager (Male) |
| 19:30 | Build | Farm |
| 19:31 | Build | Farm |
| 19:32 | Create | Villager (Male) |
| 19:44 | Build | Stone Wall |
| 19:47 | Build | Stone Wall |
| 19:47 | Build | Stone Wall |
| 19:48 | Build | Stone Wall |
| 19:49 | Build | Stone Wall |
| 19:49 | Build | Stone Wall |
| 19:51 | Build | Stone Wall |
| 19:53 | Create | Villager (Male) |
| 19:53 | Create | Villager (Male) |
| 19:56 | Build | Farm |
| 19:56 | Create | Villager (Male) |
| 19:59 | Build | Farm |
| 20:01 | Build | Farm |
| 20:04 | Build | Farm |
| 20:08 | Build | House |
| 20:09 | Build | House |
| 20:10 | Build | House |
| 20:18 | Create | Villager (Male) |
| 20:20 | Build | University |
| 20:22 | Create | Villager (Male) |
| 20:40 | Build | Stone Wall |
| 20:41 | Build | Stone Wall |
| 20:43 | Build | Stone Wall |
| 20:44 | Build | Stone Wall |
| 20:45 | Create | Villager (Male) |
| 20:45 | Create | Villager (Male) |
| 20:53 | Create | Villager (Male) |
| 20:54 | Create | Villager (Male) |
| 20:54 | Create | Villager (Male) |
| 20:54 | Create | Villager (Male) |
| 21:01 | Build | Mill |
| 21:02 | Build | Farm |
| 21:02 | Build | Farm |
| 21:03 | Build | Farm |
| 21:03 | Build | Farm |
| 21:03 | Build | Farm |
Build order — Dharos
First 150 of 505 actions detected
| 0:02 | Build | House |
| 0:04 | Build | House |
| 0:04 | Create | Villager (Male) |
| 0:05 | Create | Villager (Male) |
| 0:05 | Create | Villager (Male) |
| 0:35 | Create | Villager (Male) |
| 0:36 | Create | Villager (Male) |
| 1:43 | Create | Villager (Male) |
| 1:43 | Create | Villager (Male) |
| 1:47 | Build | Lumber Camp |
| 1:58 | Create | Villager (Male) |
| 1:59 | Create | Villager (Male) |
| 2:24 | Create | Villager (Male) |
| 2:57 | Create | Villager (Male) |
| 2:57 | Create | Villager (Male) |
| 3:27 | Build | House |
| 3:28 | Build | House |
| 3:34 | Create | Villager (Male) |
| 4:22 | Create | Villager (Male) |
| 4:22 | Create | Villager (Male) |
| 4:41 | Create | Villager (Male) |
| 4:41 | Create | Villager (Male) |
| 5:51 | Create | Villager (Male) |
| 5:52 | Create | Villager (Male) |
| 5:57 | Create | Villager (Male) |
| 6:45 | Build | Mill |
| 6:58 | Create | Villager (Male) |
| 7:09 | Build | Lumber Camp |
| 7:10 | Create | Villager (Male) |
| 7:41 | Build | Farm |
| 7:41 | Build | Farm |
| 7:42 | Build | Farm |
| 7:42 | Build | Farm |
| 7:46 | Build | Farm |
| 7:48 | Build | Farm |
| 7:49 | Build | Farm |
| 7:52 | Build | Farm |
| 7:53 | Create | Villager (Male) |
| 7:54 | Create | Villager (Male) |
| 7:54 | Create | Villager (Male) |
| 7:54 | Create | Villager (Male) |
| 7:59 | Build | Farm |
| 8:02 | Build | Farm |
| 8:04 | Build | Farm |
| 8:09 | Build | Farm |
| 8:30 | Build | House |
| 8:32 | Build | House |
| 9:24 | Create | Villager (Male) |
| 9:25 | Create | Villager (Male) |
| 9:44 | Build | Mining Camp |
| 9:49 | Research | Feudal Age |
| 12:37 | Age | Feudal Age |
| 12:38 | Create | Villager (Male) |
| 12:41 | Research | Double-Bit Axe |
| 12:47 | Build | Market |
| 12:49 | Build | Blacksmith |
| 12:57 | Research | Loom |
| 13:14 | Build | Barracks |
| 13:25 | Create | Villager (Male) |
| 13:47 | Research | Castle Age |
| 13:57 | Build | Stable |
| 13:58 | Build | Stable |
| 14:26 | Build | Farm |
| 14:27 | Build | Farm |
| 15:00 | Research | Wheelbarrow |
| 15:17 | Research | Horse Collar |
| 15:24 | Research | Gold Mining |
| 16:33 | Age | Castle Age |
| 16:34 | Create | Villager (Male) |
| 16:40 | Build | Town Center |
| 16:44 | Build | Town Center |
| 17:29 | Create | Villager (Male) |
| 17:33 | Research | Bow Saw |
| 17:46 | Build | Farm |
| 17:46 | Build | Farm |
| 17:46 | Build | Farm |
| 17:47 | Build | Farm |
| 17:48 | Build | Farm |
| 17:52 | Build | Farm |
| 17:57 | Research | Hand Cart |
| 18:23 | Build | Farm |
| 18:24 | Build | Farm |
| 18:31 | Create | Villager (Male) |
| 18:31 | Create | Villager (Male) |
| 18:37 | Build | Farm |
| 18:37 | Build | Farm |
| 18:49 | Create | Villager (Male) |
| 18:50 | Create | Villager (Male) |
| 18:53 | Create | Villager (Male) |
| 19:15 | Build | Farm |
| 19:18 | Build | Farm |
| 19:36 | Create | Villager (Male) |
| 19:36 | Create | Villager (Male) |
| 19:37 | Create | Villager (Male) |
| 19:37 | Create | Villager (Male) |
| 19:45 | Create | Villager (Male) |
| 19:45 | Create | Villager (Male) |
| 19:46 | Create | Villager (Male) |
| 20:05 | Build | Mill |
| 20:06 | Build | Farm |
| 20:06 | Build | Farm |
| 20:10 | Build | Farm |
| 20:10 | Build | Farm |
| 20:32 | Create | Villager (Male) |
| 20:32 | Create | Villager (Male) |
| 20:33 | Create | Villager (Male) |
| 20:43 | Build | House |
| 20:44 | Build | House |
| 20:45 | Build | House |
| 20:47 | Build | House |
| 20:47 | Build | House |
| 20:49 | Build | House |
| 20:54 | Build | House |
| 20:55 | Build | House |
| 20:56 | Build | House |
| 20:57 | Build | House |
| 21:00 | Build | House |
| 21:01 | Build | House |
| 21:02 | Build | House |
| 21:04 | Build | House |
| 21:05 | Build | House |
| 21:06 | Create | Villager (Male) |
| 21:06 | Create | Villager (Male) |
| 21:07 | Create | Villager (Male) |
| 21:07 | Create | Villager (Male) |
| 21:17 | Research | Heavy Plow |
| 21:20 | Create | Villager (Male) |
| 21:21 | Create | Villager (Male) |
| 21:21 | Create | Villager (Male) |
| 21:38 | Create | Villager (Male) |
| 21:49 | Build | Farm |
| 21:50 | Build | Farm |
| 21:50 | Build | Farm |
| 21:51 | Build | Farm |
| 21:55 | Create | Villager (Male) |
| 21:55 | Create | Villager (Male) |
| 21:59 | Build | Farm |
| 22:01 | Create | Villager (Male) |
| 22:02 | Create | Villager (Male) |
| 22:07 | Build | Farm |
| 22:08 | Build | Farm |
| 22:08 | Build | Farm |
| 22:09 | Build | Farm |
| 22:31 | Research | Bloodlines |
| 22:46 | Create | Villager (Male) |
| 22:46 | Create | Villager (Male) |
| 22:47 | Create | Villager (Male) |
| 23:01 | Research | Husbandry |
| 23:03 | Create | Villager (Male) |
| 23:03 | Create | Villager (Male) |
Build order — EsoTilinsito283
First 150 of 462 actions detected
| 0:01 | Create | Villager (Male) |
| 0:01 | Create | Villager (Male) |
| 0:02 | Create | Villager (Male) |
| 0:02 | Create | Villager (Male) |
| 0:02 | Create | Villager (Male) |
| 0:04 | Build | House |
| 0:06 | Build | House |
| 1:13 | Create | Villager (Male) |
| 1:50 | Create | Villager (Male) |
| 2:20 | Create | Villager (Male) |
| 2:45 | Create | Villager (Male) |
| 2:52 | Build | House |
| 2:54 | Build | Lumber Camp |
| 3:01 | Create | Villager (Male) |
| 3:35 | Create | Villager (Male) |
| 3:44 | Create | Villager (Male) |
| 3:45 | Create | Villager (Male) |
| 4:36 | Create | Villager (Male) |
| 4:55 | Create | Villager (Male) |
| 5:16 | Create | Villager (Male) |
| 5:17 | Create | Villager (Male) |
| 5:38 | Create | Villager (Male) |
| 5:45 | Build | House |
| 5:48 | Build | House |
| 6:03 | Create | Villager (Male) |
| 6:09 | Build | Mill |
| 6:29 | Create | Villager (Male) |
| 7:25 | Create | Villager (Male) |
| 7:51 | Create | Villager (Male) |
| 8:04 | Build | Mining Camp |
| 8:46 | Research | Feudal Age |
| 10:18 | Create | Villager (Male) |
| 10:18 | Create | Villager (Male) |
| 10:19 | Create | Villager (Male) |
| 11:03 | Build | Market |
| 11:04 | Build | Blacksmith |
| 11:13 | Research | Double-Bit Axe |
| 11:48 | Build | Farm |
| 11:49 | Build | Farm |
| 11:49 | Build | Farm |
| 11:49 | Build | Farm |
| 11:49 | Build | Farm |
| 11:50 | Build | Farm |
| 12:00 | Build | House |
| 12:01 | Build | House |
| 12:11 | Create | Villager (Male) |
| 12:35 | Create | Villager (Male) |
| 12:50 | Build | Farm |
| 13:07 | Create | Villager (Male) |
| 13:38 | Research | Castle Age |
| 15:08 | Research | Horse Collar |
| 15:12 | Create | Villager (Male) |
| 15:12 | Create | Villager (Male) |
| 15:12 | Create | Villager (Male) |
| 15:19 | Build | Farm |
| 15:20 | Build | Farm |
| 16:21 | Build | Town Center |
| 16:32 | Build | Town Center |
| 16:38 | Create | Villager (Male) |
| 16:40 | Research | Bow Saw |
| 16:42 | Create | Villager (Male) |
| 16:51 | Create | Villager (Male) |
| 17:44 | Build | Farm |
| 17:44 | Build | Farm |
| 17:44 | Build | Farm |
| 17:44 | Build | Farm |
| 17:45 | Build | Farm |
| 17:45 | Build | Farm |
| 17:52 | Create | Villager (Male) |
| 17:52 | Create | Villager (Male) |
| 17:53 | Create | Villager (Male) |
| 18:07 | Build | Farm |
| 18:10 | Create | Villager (Male) |
| 18:19 | Create | Villager (Male) |
| 18:19 | Create | Villager (Male) |
| 18:22 | Create | Villager (Male) |
| 18:23 | Create | Villager (Male) |
| 18:25 | Create | Villager (Male) |
| 18:28 | Research | Wheelbarrow |
| 18:28 | Create | Villager (Male) |
| 18:31 | Create | Villager (Male) |
| 18:56 | Create | Villager (Male) |
| 18:56 | Create | Villager (Male) |
| 19:06 | Build | House |
| 19:08 | Build | House |
| 19:10 | Build | House |
| 19:14 | Create | Villager (Male) |
| 19:17 | Create | Villager (Male) |
| 19:22 | Build | Farm |
| 19:22 | Build | Farm |
| 19:22 | Build | Farm |
| 19:27 | Build | Farm |
| 19:27 | Build | Farm |
| 19:34 | Create | Villager (Male) |
| 20:00 | Create | Villager (Male) |
| 20:01 | Create | Villager (Male) |
| 20:02 | Create | Villager (Male) |
| 20:04 | Create | Villager (Male) |
| 20:07 | Build | Farm |
| 20:08 | Build | Farm |
| 20:13 | Build | Farm |
| 20:13 | Build | Farm |
| 20:20 | Create | Villager (Male) |
| 20:31 | Build | Mining Camp |
| 20:41 | Create | Villager (Male) |
| 20:45 | Build | House |
| 20:51 | Build | University |
| 20:54 | Build | Monastery |
| 21:01 | Create | Villager (Male) |
| 21:02 | Create | Villager (Male) |
| 21:24 | Create | Villager (Male) |
| 21:26 | Create | Villager (Male) |
| 21:28 | Create | Villager (Male) |
| 21:59 | Research | Gold Mining |
| 22:02 | Research | Stone Mining |
| 22:03 | Create | Villager (Male) |
| 22:05 | Create | Villager (Male) |
| 22:06 | Create | Villager (Male) |
| 22:06 | Create | Villager (Male) |
| 22:28 | Create | Villager (Male) |
| 22:29 | Create | Villager (Male) |
| 22:30 | Create | Villager (Male) |
| 22:30 | Create | Villager (Male) |
| 22:31 | Create | Villager (Male) |
| 23:00 | Build | House |
| 23:01 | Build | House |
| 23:02 | Build | House |
| 23:08 | Build | Barracks |
| 23:12 | Build | House |
| 23:14 | Build | House |
| 23:16 | Create | Villager (Male) |
| 23:17 | Create | Villager (Male) |
| 23:19 | Create | Villager (Male) |
| 23:19 | Create | Villager (Male) |
| 23:30 | Build | Farm |
| 23:31 | Build | Farm |
| 23:31 | Build | Farm |
| 23:50 | Create | Villager (Male) |
| 23:57 | Research | Imperial Age |
| 24:02 | Research | Fletching |
| 24:30 | Create | Villager (Male) |
| 24:30 | Create | Villager (Male) |
| 24:31 | Research | Loom |
| 24:32 | Create | Villager (Male) |
| 24:33 | Create | Villager (Male) |
| 24:36 | Create | Villager (Male) |
| 24:37 | Create | Villager (Male) |
| 24:39 | Create | Villager (Male) |
| 24:45 | Build | Archery Range |
| 24:46 | Build | Archery Range |
Build order — Ghost12561
First 150 of 676 actions detected
| 0:09 | Build | House |
| 0:10 | Build | House |
| 0:12 | Research | Loom |
| 0:12 | Create | Villager (Male) |
| 0:12 | Create | Villager (Male) |
| 0:13 | Create | Villager (Male) |
| 0:47 | Create | Villager (Male) |
| 0:47 | Create | Villager (Male) |
| 2:11 | Create | Villager (Male) |
| 2:11 | Create | Villager (Male) |
| 2:23 | Build | Mill |
| 2:26 | Create | Villager (Male) |
| 2:27 | Create | Villager (Male) |
| 2:46 | Create | Villager (Male) |
| 2:46 | Create | Villager (Male) |
| 3:15 | Create | Villager (Male) |
| 4:03 | Create | Villager (Male) |
| 4:23 | Build | House |
| 4:32 | Create | Villager (Male) |
| 4:33 | Create | Villager (Male) |
| 4:55 | Create | Villager (Male) |
| 4:56 | Create | Villager (Male) |
| 5:23 | Create | Villager (Male) |
| 5:24 | Create | Villager (Male) |
| 5:30 | Build | Lumber Camp |
| 5:51 | Create | Villager (Male) |
| 6:50 | Create | Villager (Male) |
| 6:55 | Build | House |
| 7:13 | Create | Villager (Male) |
| 8:01 | Build | Mining Camp |
| 8:08 | Research | Feudal Age |
| 9:17 | Create | Villager (Male) |
| 9:18 | Create | Villager (Male) |
| 9:18 | Create | Villager (Male) |
| 9:18 | Create | Villager (Male) |
| 9:18 | Create | Villager (Male) |
| 9:19 | Create | Villager (Male) |
| 9:55 | Build | House |
| 10:22 | Research | Double-Bit Axe |
| 10:30 | Research | Horse Collar |
| 10:37 | Build | House |
| 10:38 | Build | House |
| 10:41 | Build | Market |
| 10:45 | Create | Villager (Male) |
| 11:19 | Create | Villager (Male) |
| 11:58 | Create | Villager (Male) |
| 12:00 | Create | Villager (Male) |
| 12:00 | Create | Villager (Male) |
| 12:06 | Build | Blacksmith |
| 12:24 | Build | Stone Wall |
| 12:26 | Build | Gate |
| 12:30 | Build | Stone Wall |
| 12:34 | Create | Villager (Male) |
| 13:06 | Build | House |
| 13:07 | Build | House |
| 13:22 | Build | Stone Wall |
| 13:31 | Build | Farm |
| 13:32 | Build | Farm |
| 13:32 | Build | Farm |
| 13:32 | Build | Farm |
| 13:32 | Build | Farm |
| 13:32 | Build | Farm |
| 13:33 | Build | Farm |
| 13:33 | Build | Farm |
| 13:33 | Build | Farm |
| 13:33 | Build | Farm |
| 13:33 | Build | Farm |
| 13:34 | Build | Farm |
| 13:53 | Build | Mining Camp |
| 14:03 | Build | Farm |
| 14:03 | Build | Farm |
| 14:03 | Build | Farm |
| 14:03 | Build | Farm |
| 14:03 | Build | Farm |
| 14:04 | Build | Farm |
| 14:22 | Build | Farm |
| 14:24 | Create | Villager (Male) |
| 14:28 | Build | Farm |
| 14:28 | Build | Farm |
| 14:29 | Build | Farm |
| 14:29 | Build | Farm |
| 14:30 | Build | Farm |
| 14:30 | Build | Farm |
| 14:31 | Build | Farm |
| 14:31 | Build | Farm |
| 14:31 | Build | Farm |
| 14:31 | Build | Farm |
| 14:32 | Build | Farm |
| 14:32 | Build | Farm |
| 14:32 | Build | Farm |
| 14:33 | Build | Farm |
| 14:33 | Build | Farm |
| 14:33 | Build | Farm |
| 14:33 | Build | Farm |
| 14:34 | Build | Farm |
| 14:34 | Build | Farm |
| 14:34 | Build | Farm |
| 14:34 | Build | Farm |
| 14:35 | Build | Farm |
| 14:35 | Build | Farm |
| 14:35 | Build | Farm |
| 14:35 | Build | Farm |
| 14:35 | Build | Farm |
| 14:36 | Build | Farm |
| 14:36 | Build | Farm |
| 14:36 | Build | Farm |
| 14:36 | Build | Farm |
| 14:37 | Build | Farm |
| 14:39 | Create | Villager (Male) |
| 14:40 | Create | Villager (Male) |
| 14:48 | Build | Farm |
| 14:48 | Build | Farm |
| 14:48 | Build | Farm |
| 14:48 | Build | Farm |
| 14:48 | Build | Farm |
| 14:49 | Build | Farm |
| 14:49 | Build | Farm |
| 14:49 | Build | Farm |
| 14:49 | Build | Farm |
| 14:50 | Build | Farm |
| 14:50 | Build | Farm |
| 14:50 | Build | Farm |
| 14:50 | Build | Farm |
| 14:50 | Build | Farm |
| 14:51 | Build | Farm |
| 14:51 | Build | Farm |
| 14:51 | Build | Farm |
| 14:52 | Build | Farm |
| 14:52 | Build | Farm |
| 14:52 | Build | Farm |
| 14:52 | Build | Farm |
| 14:52 | Build | Farm |
| 14:53 | Build | Farm |
| 14:53 | Build | Farm |
| 14:53 | Build | Farm |
| 14:53 | Build | Farm |
| 14:54 | Build | Farm |
| 14:54 | Build | Farm |
| 14:54 | Build | Farm |
| 14:54 | Build | Farm |
| 14:55 | Build | Farm |
| 14:55 | Build | Farm |
| 14:55 | Build | Farm |
| 14:55 | Build | Farm |
| 14:56 | Build | Farm |
| 14:56 | Build | Farm |
| 14:56 | Build | Farm |
| 14:56 | Build | Farm |
| 14:56 | Build | Farm |
| 14:57 | Build | Farm |
Build order — guerrero.roberto.dc
First 150 of 699 actions detected
| 0:01 | Create | Villager (Male) |
| 0:02 | Create | Villager (Male) |
| 0:02 | Create | Villager (Male) |
| 0:02 | Create | Villager (Male) |
| 0:02 | Create | Villager (Male) |
| 0:03 | Build | House |
| 0:04 | Build | House |
| 1:27 | Create | Villager (Male) |
| 1:45 | Build | Lumber Camp |
| 1:54 | Create | Villager (Male) |
| 2:29 | Create | Villager (Male) |
| 2:53 | Create | Villager (Male) |
| 2:54 | Create | Villager (Male) |
| 3:07 | Build | House |
| 3:10 | Create | Villager (Male) |
| 3:39 | Create | Villager (Male) |
| 4:12 | Create | Villager (Male) |
| 4:28 | Create | Villager (Male) |
| 5:06 | Create | Villager (Male) |
| 5:17 | Build | House |
| 5:19 | Create | Villager (Male) |
| 5:33 | Create | Villager (Male) |
| 5:59 | Create | Villager (Male) |
| 6:26 | Create | Villager (Male) |
| 6:42 | Create | Villager (Male) |
| 7:31 | Create | Villager (Male) |
| 7:41 | Build | House |
| 7:49 | Create | Villager (Male) |
| 7:50 | Create | Villager (Male) |
| 7:51 | Create | Villager (Male) |
| 8:20 | Build | Mill |
| 8:38 | Build | Mining Camp |
| 8:51 | Research | Feudal Age |
| 10:00 | Build | House |
| 10:33 | Build | Farm |
| 10:33 | Build | Farm |
| 10:35 | Build | Farm |
| 10:37 | Build | Farm |
| 10:39 | Build | Farm |
| 10:51 | Create | Villager (Male) |
| 11:26 | Age | Feudal Age |
| 11:33 | Build | Market |
| 11:50 | Build | Blacksmith |
| 11:54 | Create | Villager (Male) |
| 12:20 | Research | Castle Age |
| 12:39 | Research | Double-Bit Axe |
| 12:58 | Research | Horse Collar |
| 13:49 | Build | Mining Camp |
| 14:02 | Create | Villager (Male) |
| 15:00 | Age | Castle Age |
| 15:07 | Build | Town Center |
| 15:17 | Research | Wheelbarrow |
| 15:29 | Create | Villager (Male) |
| 15:34 | Build | Farm |
| 15:39 | Build | Farm |
| 16:24 | Create | Villager (Male) |
| 16:25 | Create | Villager (Male) |
| 16:32 | Research | Bow Saw |
| 16:44 | Create | Villager (Male) |
| 16:49 | Create | Villager (Male) |
| 17:15 | Create | Villager (Male) |
| 17:23 | Build | Town Center |
| 17:28 | Create | Villager (Male) |
| 17:32 | Build | Farm |
| 18:04 | Create | Villager (Male) |
| 18:05 | Create | Villager (Male) |
| 18:31 | Create | Villager (Male) |
| 18:39 | Create | Villager (Male) |
| 18:40 | Create | Villager (Male) |
| 18:45 | Build | Farm |
| 18:45 | Build | Farm |
| 18:48 | Build | Farm |
| 18:49 | Build | Farm |
| 18:49 | Build | Farm |
| 18:49 | Build | Farm |
| 18:56 | Build | Farm |
| 19:00 | Build | Farm |
| 19:02 | Build | Farm |
| 19:05 | Build | Farm |
| 19:08 | Create | Villager (Male) |
| 19:14 | Create | Villager (Male) |
| 19:15 | Create | Villager (Male) |
| 19:19 | Create | Villager (Male) |
| 19:32 | Create | Villager (Male) |
| 19:55 | Build | House |
| 20:00 | Build | House |
| 20:01 | Build | House |
| 20:02 | Build | House |
| 20:05 | Build | House |
| 20:06 | Build | House |
| 20:08 | Build | House |
| 20:09 | Build | House |
| 20:11 | Research | Town Watch |
| 20:14 | Research | Loom |
| 20:21 | Research | Hand Cart |
| 20:28 | Create | Villager (Male) |
| 21:10 | Create | Villager (Male) |
| 21:10 | Create | Villager (Male) |
| 21:10 | Create | Villager (Male) |
| 21:21 | Research | Scale Barding Armor |
| 21:42 | Create | Villager (Male) |
| 21:42 | Create | Villager (Male) |
| 21:43 | Create | Villager (Male) |
| 21:49 | Build | Farm |
| 21:49 | Build | Farm |
| 21:50 | Build | Farm |
| 22:11 | Create | Villager (Male) |
| 22:12 | Create | Villager (Male) |
| 22:12 | Create | Villager (Male) |
| 22:39 | Create | Villager (Male) |
| 22:40 | Create | Villager (Male) |
| 22:40 | Create | Villager (Male) |
| 22:50 | Create | Villager (Male) |
| 22:50 | Create | Villager (Male) |
| 22:50 | Create | Villager (Male) |
| 22:54 | Build | Farm |
| 22:54 | Build | Farm |
| 22:55 | Build | Farm |
| 23:04 | Build | Barracks |
| 23:10 | Build | Siege Workshop |
| 23:13 | Create | Villager (Male) |
| 23:13 | Create | Villager (Male) |
| 23:13 | Create | Villager (Male) |
| 23:20 | Build | House |
| 23:22 | Build | House |
| 23:23 | Build | House |
| 23:26 | Build | House |
| 23:27 | Build | House |
| 23:28 | Build | House |
| 23:29 | Build | House |
| 23:33 | Create | Villager (Male) |
| 23:34 | Create | Villager (Male) |
| 23:34 | Create | Villager (Male) |
| 23:40 | Research | Heavy Plow |
| 23:59 | Create | Villager (Male) |
| 23:59 | Create | Villager (Male) |
| 23:59 | Create | Villager (Male) |
| 24:31 | Create | Villager (Male) |
| 24:31 | Create | Villager (Male) |
| 24:32 | Create | Villager (Male) |
| 24:36 | Create | Battering Ram |
| 24:39 | Create | Villager (Male) |
| 24:40 | Create | Villager (Male) |
| 24:43 | Build | Archery Range |
| 24:49 | Build | Archery Range |
| 24:55 | Build | Farm |
| 24:56 | Build | Farm |
| 25:01 | Build | Farm |
| 25:02 | Build | Farm |
| 25:02 | Build | Farm |
Build order — OozyAttic952717
First 150 of 624 actions detected
| 0:02 | Build | House |
| 0:03 | Create | Villager (Male) |
| 0:03 | Create | Villager (Male) |
| 0:03 | Create | Villager (Male) |
| 0:04 | Create | Villager (Male) |
| 0:05 | Build | House |
| 1:38 | Create | Villager (Male) |
| 1:39 | Create | Villager (Male) |
| 1:49 | Build | Lumber Camp |
| 2:11 | Create | Villager (Male) |
| 2:12 | Create | Villager (Male) |
| 2:45 | Create | Villager (Male) |
| 2:45 | Create | Villager (Male) |
| 2:45 | Create | Villager (Male) |
| 3:25 | Create | Villager (Male) |
| 3:25 | Create | Villager (Male) |
| 4:06 | Build | House |
| 4:12 | Create | Villager (Male) |
| 4:12 | Create | Villager (Male) |
| 4:25 | Create | Villager (Male) |
| 4:25 | Create | Villager (Male) |
| 4:25 | Create | Villager (Male) |
| 5:31 | Build | Mill |
| 5:34 | Build | House |
| 5:40 | Create | Villager (Male) |
| 5:40 | Create | Villager (Male) |
| 5:40 | Create | Villager (Male) |
| 5:40 | Create | Villager (Male) |
| 5:41 | Create | Villager (Male) |
| 5:41 | Create | Villager (Male) |
| 5:41 | Create | Villager (Male) |
| 7:33 | Create | Villager (Male) |
| 7:33 | Create | Villager (Male) |
| 8:08 | Create | Villager (Male) |
| 8:08 | Create | Villager (Male) |
| 8:38 | Research | Feudal Age |
| 9:05 | Build | Mining Camp |
| 9:21 | Build | House |
| 10:28 | Create | Villager (Male) |
| 10:28 | Create | Villager (Male) |
| 11:21 | Build | Mill |
| 11:26 | Research | Loom |
| 11:26 | Create | Villager (Male) |
| 11:26 | Create | Villager (Male) |
| 11:36 | Build | Blacksmith |
| 11:42 | Build | Market |
| 12:59 | Create | Villager (Male) |
| 13:00 | Create | Villager (Male) |
| 13:05 | Research | Castle Age |
| 13:06 | Research | Castle Age |
| 13:13 | Research | Double-Bit Axe |
| 13:21 | Build | House |
| 13:22 | Build | House |
| 13:23 | Build | House |
| 15:14 | Create | Villager (Male) |
| 15:15 | Create | Villager (Male) |
| 15:48 | Build | Town Center |
| 15:58 | Build | Town Center |
| 16:06 | Build | Monastery |
| 16:25 | Create | Villager (Male) |
| 16:25 | Create | Villager (Male) |
| 16:33 | Research | Bow Saw |
| 17:01 | Create | Villager (Male) |
| 17:02 | Create | Villager (Male) |
| 17:02 | Create | Villager (Male) |
| 17:02 | Create | Villager (Male) |
| 17:30 | Create | Monk |
| 17:30 | Create | Monk |
| 17:32 | Create | Villager (Male) |
| 17:34 | Create | Villager (Male) |
| 17:34 | Create | Villager (Male) |
| 17:41 | Build | Farm |
| 17:42 | Build | Farm |
| 17:42 | Build | Farm |
| 17:42 | Build | Farm |
| 17:42 | Build | Farm |
| 17:46 | Research | Horse Collar |
| 18:03 | Create | Villager (Male) |
| 18:07 | Create | Villager (Male) |
| 18:07 | Create | Villager (Male) |
| 18:07 | Create | Villager (Male) |
| 18:23 | Build | Farm |
| 18:23 | Build | Farm |
| 18:24 | Build | Farm |
| 18:24 | Build | Farm |
| 19:21 | Build | Town Center |
| 19:25 | Create | Villager (Male) |
| 19:25 | Create | Villager (Male) |
| 19:26 | Create | Villager (Male) |
| 19:26 | Create | Villager (Male) |
| 19:26 | Create | Villager (Male) |
| 19:48 | Create | Villager (Male) |
| 20:10 | Create | Villager (Male) |
| 20:14 | Build | Farm |
| 20:14 | Build | Farm |
| 20:14 | Build | Farm |
| 20:18 | Build | Farm |
| 20:18 | Build | Farm |
| 20:19 | Build | Farm |
| 20:22 | Build | Farm |
| 20:22 | Build | Farm |
| 20:22 | Build | Farm |
| 20:22 | Build | Farm |
| 20:24 | Create | Villager (Male) |
| 20:24 | Create | Villager (Male) |
| 20:50 | Create | Villager (Male) |
| 20:54 | Build | Farm |
| 20:54 | Build | Farm |
| 20:55 | Build | Farm |
| 20:55 | Build | Farm |
| 21:03 | Create | Villager (Male) |
| 21:04 | Create | Villager (Male) |
| 21:14 | Build | Farm |
| 21:15 | Build | Farm |
| 21:15 | Build | Farm |
| 21:19 | Build | Farm |
| 21:19 | Build | Farm |
| 21:19 | Build | Farm |
| 21:21 | Create | Villager (Male) |
| 21:22 | Create | Villager (Male) |
| 21:22 | Create | Villager (Male) |
| 21:22 | Create | Villager (Male) |
| 21:42 | Create | Villager (Male) |
| 21:44 | Create | Villager (Male) |
| 21:46 | Create | Villager (Male) |
| 21:54 | Build | Farm |
| 22:02 | Create | Villager (Male) |
| 22:03 | Create | Villager (Male) |
| 22:04 | Create | Villager (Male) |
| 22:07 | Create | Villager (Male) |
| 22:07 | Create | Villager (Male) |
| 22:07 | Create | Villager (Male) |
| 22:16 | Create | Villager (Male) |
| 22:16 | Create | Villager (Male) |
| 22:17 | Create | Villager (Male) |
| 22:21 | Build | House |
| 22:28 | Build | House |
| 22:42 | Create | Villager (Male) |
| 22:46 | Research | Wheelbarrow |
| 22:53 | Build | House |
| 23:00 | Create | Villager (Male) |
| 23:00 | Create | Villager (Male) |
| 23:01 | Create | Villager (Male) |
| 23:21 | Create | Villager (Male) |
| 23:22 | Create | Villager (Male) |
| 23:22 | Create | Villager (Male) |
| 23:22 | Create | Villager (Male) |
| 23:22 | Create | Villager (Male) |
| 23:28 | Build | Farm |
| 23:29 | Build | Farm |
Build order — 你过来啊
First 150 of 521 actions detected
| 0:06 | Build | House |
| 0:07 | Build | House |
| 0:13 | Create | Villager (Male) |
| 0:21 | Create | Villager (Male) |
| 0:21 | Create | Villager (Male) |
| 0:21 | Create | Villager (Male) |
| 0:22 | Create | Villager (Male) |
| 1:35 | Create | Villager (Male) |
| 1:36 | Create | Villager (Male) |
| 2:00 | Create | Villager (Male) |
| 2:01 | Create | Villager (Male) |
| 2:08 | Build | Lumber Camp |
| 2:38 | Create | Villager (Male) |
| 2:38 | Create | Villager (Male) |
| 3:07 | Create | Villager (Male) |
| 3:08 | Create | Villager (Male) |
| 3:31 | Create | Villager (Male) |
| 3:31 | Create | Villager (Male) |
| 3:46 | Build | Mill |
| 4:02 | Create | Villager (Male) |
| 4:02 | Create | Villager (Male) |
| 4:02 | Create | Villager (Male) |
| 4:04 | Create | Villager (Male) |
| 4:04 | Create | Villager (Male) |
| 4:04 | Create | Villager (Male) |
| 4:33 | Build | House |
| 4:39 | Build | House |
| 4:42 | Create | Villager (Male) |
| 4:42 | Create | Villager (Male) |
| 4:42 | Create | Villager (Male) |
| 5:04 | Build | House |
| 5:29 | Create | Villager (Male) |
| 5:30 | Create | Villager (Male) |
| 5:30 | Create | Villager (Male) |
| 5:30 | Create | Villager (Male) |
| 5:30 | Create | Villager (Male) |
| 5:55 | Create | Villager (Male) |
| 6:15 | Create | Villager (Male) |
| 6:15 | Create | Villager (Male) |
| 6:41 | Create | Villager (Male) |
| 7:06 | Build | Farm |
| 8:05 | Build | House |
| 8:21 | Create | Villager (Male) |
| 8:37 | Research | Feudal Age |
| 8:38 | Research | Feudal Age |
| 9:27 | Build | Farm |
| 9:35 | Build | Farm |
| 9:57 | Build | Farm |
| 10:23 | Create | Villager (Male) |
| 11:02 | Age | Feudal Age |
| 11:09 | Build | Market |
| 11:24 | Research | Double-Bit Axe |
| 11:33 | Build | Blacksmith |
| 11:41 | Create | Villager (Male) |
| 11:42 | Create | Villager (Male) |
| 12:13 | Create | Villager (Male) |
| 12:23 | Build | House |
| 12:28 | Research | Castle Age |
| 12:28 | Research | Castle Age |
| 12:37 | Build | Mining Camp |
| 13:39 | Build | Barracks |
| 14:00 | Build | Farm |
| 14:02 | Build | Farm |
| 14:04 | Build | Farm |
| 14:08 | Create | Villager (Male) |
| 14:24 | Build | Farm |
| 14:35 | Build | Farm |
| 14:41 | Build | Farm |
| 14:55 | Create | Spearman |
| 15:11 | Age | Castle Age |
| 15:17 | Create | Villager (Male) |
| 15:18 | Create | Villager (Male) |
| 15:20 | Research | Bow Saw |
| 15:22 | Build | Archery Range |
| 15:49 | Create | Villager (Male) |
| 16:02 | Create | Villager (Male) |
| 16:11 | Create | Villager (Male) |
| 16:45 | Build | Monastery |
| 16:48 | Create | Villager (Male) |
| 17:08 | Build | Town Center |
| 17:10 | Create | Villager (Male) |
| 17:16 | Research | Horse Collar |
| 17:19 | Build | Farm |
| 17:23 | Build | House |
| 17:35 | Build | House |
| 17:37 | Create | Monk |
| 17:56 | Build | House |
| 18:13 | Research | Wheelbarrow |
| 18:30 | Create | Villager (Male) |
| 18:31 | Build | Farm |
| 18:45 | Create | Villager (Male) |
| 18:46 | Create | Villager (Male) |
| 18:51 | Create | Villager (Male) |
| 19:01 | Create | Villager (Male) |
| 19:01 | Create | Villager (Male) |
| 19:06 | Research | Heavy Plow |
| 19:08 | Build | Farm |
| 19:09 | Build | Farm |
| 19:26 | Create | Villager (Male) |
| 19:26 | Create | Villager (Male) |
| 19:32 | Create | Villager (Male) |
| 19:47 | Create | Villager (Male) |
| 19:52 | Research | Stone Mining |
| 20:06 | Build | Town Center |
| 20:13 | Build | Town Center |
| 20:15 | Create | Villager (Male) |
| 20:15 | Create | Villager (Male) |
| 20:17 | Research | Hand Cart |
| 20:20 | Create | Villager (Male) |
| 20:23 | Build | Farm |
| 20:39 | Create | Villager (Male) |
| 20:40 | Create | Monk |
| 20:59 | Build | Farm |
| 21:01 | Build | Farm |
| 21:02 | Build | Farm |
| 21:06 | Build | Farm |
| 21:09 | Build | Farm |
| 21:15 | Create | Villager (Male) |
| 21:20 | Build | Lumber Camp |
| 21:24 | Create | Villager (Male) |
| 21:46 | Create | Villager (Male) |
| 21:47 | Create | Villager (Male) |
| 21:50 | Build | Farm |
| 21:51 | Build | Farm |
| 21:51 | Build | Farm |
| 21:53 | Build | Farm |
| 21:56 | Create | Villager (Male) |
| 21:58 | Create | Villager (Male) |
| 22:09 | Create | Villager (Male) |
| 22:11 | Create | Villager (Male) |
| 22:11 | Create | Villager (Male) |
| 22:13 | Create | Villager (Male) |
| 22:30 | Create | Villager (Male) |
| 22:31 | Create | Villager (Male) |
| 22:31 | Create | Villager (Male) |
| 22:36 | Build | Farm |
| 22:58 | Build | Mining Camp |
| 23:00 | Create | Villager (Male) |
| 23:00 | Create | Villager (Male) |
| 23:02 | Create | Villager (Male) |
| 23:02 | Create | Villager (Male) |
| 23:02 | Create | Villager (Male) |
| 23:05 | Research | Loom |
| 23:05 | Research | Loom |
| 23:12 | Build | Farm |
| 23:13 | Build | Farm |
| 23:19 | Create | Villager (Male) |
| 23:24 | Build | Farm |
| 23:26 | Build | Farm |
| 23:27 | Build | Farm |
Build order — GoblinMasterUK
First 150 of 173 actions detected
| 0:01 | Create | Villager (Male) |
| 0:02 | Create | Villager (Male) |
| 0:02 | Create | Villager (Male) |
| 0:03 | Build | House |
| 0:06 | Build | House |
| 0:27 | Create | Villager (Male) |
| 1:29 | Create | Villager (Male) |
| 1:30 | Create | Villager (Male) |
| 2:10 | Create | Villager (Male) |
| 2:10 | Create | Villager (Male) |
| 2:35 | Create | Villager (Male) |
| 2:35 | Create | Villager (Male) |
| 2:46 | Build | Lumber Camp |
| 2:48 | Create | Villager (Male) |
| 2:48 | Create | Villager (Male) |
| 3:09 | Create | Villager (Male) |
| 3:09 | Create | Villager (Male) |
| 3:32 | Build | House |
| 3:39 | Build | House |
| 3:44 | Create | Villager (Male) |
| 3:44 | Create | Villager (Male) |
| 4:04 | Create | Villager (Male) |
| 4:04 | Create | Villager (Male) |
| 4:34 | Create | Villager (Male) |
| 4:34 | Create | Villager (Male) |
| 5:06 | Create | Villager (Male) |
| 5:06 | Create | Villager (Male) |
| 5:14 | Build | Mill |
| 5:32 | Create | Villager (Male) |
| 5:33 | Create | Villager (Male) |
| 6:33 | Create | Villager (Male) |
| 6:54 | Create | Villager (Male) |
| 8:01 | Create | Villager (Male) |
| 8:01 | Create | Villager (Male) |
| 8:09 | Build | House |
| 8:13 | Build | House |
| 8:16 | Create | Villager (Male) |
| 8:48 | Create | Villager (Male) |
| 9:41 | Research | Feudal Age |
| 9:51 | Create | Villager (Male) |
| 9:51 | Create | Villager (Male) |
| 10:01 | Build | Mining Camp |
| 11:51 | Age | Feudal Age |
| 12:16 | Build | Blacksmith |
| 12:27 | Build | Market |
| 12:44 | Create | Villager (Male) |
| 13:16 | Build | Mining Camp |
| 13:20 | Research | Castle Age |
| 13:20 | Research | Castle Age |
| 13:25 | Build | House |
| 13:27 | Build | House |
| 13:30 | Build | House |
| 13:50 | Build | Barracks |
| 14:21 | Research | Double-Bit Axe |
| 14:25 | Research | Horse Collar |
| 14:31 | Create | Villager (Male) |
| 14:31 | Create | Villager (Male) |
| 14:41 | Research | Gold Mining |
| 14:43 | Research | Gold Mining |
| 15:28 | Build | Outpost |
| 15:41 | Research | Town Watch |
| 15:47 | Research | Loom |
| 15:47 | Research | Town Watch |
| 16:00 | Age | Castle Age |
| 16:28 | Create | Villager (Male) |
| 16:54 | Build | Castle |
| 16:56 | Create | Villager (Male) |
| 16:56 | Create | Villager (Male) |
| 17:18 | Build | Farm |
| 17:18 | Build | Farm |
| 17:18 | Build | Farm |
| 17:19 | Build | Farm |
| 17:25 | Build | Farm |
| 17:25 | Build | Farm |
| 17:25 | Build | Farm |
| 18:19 | Build | Farm |
| 18:19 | Build | Farm |
| 18:20 | Build | Farm |
| 18:58 | Build | Siege Workshop |
| 19:06 | Build | Mining Camp |
| 19:10 | Create | Villager (Male) |
| 19:11 | Create | Villager (Male) |
| 19:33 | Research | Bow Saw |
| 19:44 | Research | Fletching |
| 19:46 | Research | Fletching |
| 19:49 | Create | Genoese Crossbowman ×2 |
| 19:50 | Create | Genoese Crossbowman ×2 |
| 20:09 | Create | Villager (Male) |
| 20:47 | Create | Mangonel |
| 20:48 | Create | Mangonel |
| 20:52 | Create | Villager (Male) |
| 20:52 | Create | Villager (Male) |
| 21:48 | Create | Battering Ram |
| 21:51 | Create | Villager (Male) |
| 21:52 | Create | Villager (Male) |
| 21:54 | Research | Wheelbarrow |
| 22:58 | Create | Villager (Male) |
| 23:05 | Research | Bodkin Arrow |
| 23:32 | Build | Castle |
| 24:47 | Create | Genoese Crossbowman ×4 |
| 25:00 | Create | Villager (Male) |
| 25:00 | Create | Villager (Male) |
| 25:49 | Create | Genoese Crossbowman |
| 26:28 | Create | Villager (Male) ×5 |
| 26:54 | Build | Town Center |
| 27:11 | Build | Farm |
| 27:11 | Build | Farm |
| 27:11 | Build | Farm |
| 27:12 | Build | Farm |
| 27:12 | Build | Farm |
| 27:12 | Build | Farm |
| 27:19 | Build | Farm |
| 27:19 | Build | Farm |
| 27:20 | Build | Farm |
| 27:20 | Build | Farm |
| 28:46 | Build | University |
| 29:02 | Build | Farm |
| 29:02 | Build | Farm |
| 29:02 | Build | Farm |
| 29:03 | Build | Farm |
| 29:08 | Build | Farm |
| 29:08 | Build | Farm |
| 29:09 | Build | Farm |
| 29:56 | Create | Mangonel |
| 30:41 | Research | Imperial Age |
| 30:59 | Build | Siege Workshop |
| 31:03 | Research | Fortified Wall (upgrade) |
| 31:05 | Research | Masonry |
| 31:19 | Create | Villager (Male) |
| 31:19 | Create | Villager (Male) |
| 32:36 | Build | Farm |
| 32:36 | Build | Farm |
| 32:36 | Build | Farm |
| 32:55 | Build | Stone Wall |
| 32:56 | Build | Stone Wall |
| 33:00 | Build | Stone Wall |
| 33:44 | Research | Hand Cart |
| 33:51 | Age | Imperial Age |
| 33:55 | Create | Villager (Male) ×5 |
| 34:05 | Research | Chemistry |
| 34:08 | Research | Architecture |
| 34:41 | Build | Siege Workshop |
| 35:11 | Build | Stone Wall |
| 35:15 | Build | Stone Wall |
| 35:21 | Build | Stone Wall |
| 35:54 | Create | Bombard Cannon ×2 |
| 35:54 | Create | Bombard Cannon ×2 |
| 35:54 | Create | Bombard Cannon ×2 |
| 36:17 | Create | Villager (Male) |
| 36:17 | Create | Villager (Male) |
Match timeline
| 11:02 | 你过来啊 · age_up feudal |
| 11:21 | Pomfret · age_up feudal |
| 11:26 | guerrero.roberto.dc · age_up feudal |
| 11:51 | GoblinMasterUK · age_up feudal |
| 12:24 | Ghost12561 · wall_segment Stone Wall x9 |
| 12:30 | Ghost12561 · wall_segment Stone Wall x8 |
| 12:37 | Dharos · age_up feudal |
| 12:55 | EsoTilinsito283 · first_market_buy 100 food |
| 12:56 | EsoTilinsito283 · first_market_sell 100 wood |
| 13:14 | Dharos · first_building Barracks |
| 13:22 | Ghost12561 · wall_segment Stone Wall x1 |
| 13:39 | 你过来啊 · first_building Barracks |
| 13:50 | GoblinMasterUK · first_building Barracks |
| 13:57 | Dharos · first_building Stable |
| 15:00 | guerrero.roberto.dc · age_up castle |
| 15:11 | 你过来啊 · age_up castle |
| 15:16 | Pomfret · age_up castle |
| 15:22 | 你过来啊 · first_building Archery Range |
| 15:31 | Pomfret · first_building Siege Workshop |
| 16:00 | GoblinMasterUK · age_up castle |
| 16:06 | OozyAttic952717 · first_building Monastery |
| 16:33 | Dharos · age_up castle |
| 16:45 | Pomfret · first_market_sell 100 food |
| 16:45 | 你过来啊 · first_building Monastery |
| 16:54 | GoblinMasterUK · first_building Castle |
| 18:18 | Pomfret · wall_segment Stone Wall x1 |
| 18:19 | Pomfret · wall_segment Stone Wall x1 |
| 18:19 | Pomfret · wall_segment Stone Wall x1 |
| 18:20 | Pomfret · wall_segment Stone Wall x1 |
| 18:21 | Pomfret · wall_segment Stone Wall x1 |
| 18:21 | Dharos · first_market_buy 100 wood |
| 18:30 | Pomfret · wall_segment Stone Wall x1 |
| 18:37 | GoblinMasterUK · first_market_buy 100 wood |
| 18:37 | Pomfret · wall_segment Stone Wall x11 |
| 18:41 | Pomfret · first_market_buy 100 stone |
| 18:45 | Pomfret · wall_segment Stone Wall x1 |
| 18:48 | Pomfret · wall_segment Stone Wall x7 |
| 18:49 | Pomfret · wall_segment Stone Wall x1 |
| 18:49 | Pomfret · wall_segment Stone Wall x1 |
| 18:50 | Pomfret · wall_segment Stone Wall x1 |
| 18:50 | Pomfret · wall_segment Stone Wall x1 |
| 18:58 | GoblinMasterUK · first_building Siege Workshop |
| 19:02 | OozyAttic952717 · first_market_sell 100 wood |
| 19:08 | OozyAttic952717 · first_market_buy 100 stone |
| 19:13 | guerrero.roberto.dc · first_market_buy 100 food |
| 19:44 | Pomfret · wall_segment Stone Wall x1 |
| 19:47 | Pomfret · wall_segment Stone Wall x1 |
| 19:47 | Pomfret · wall_segment Stone Wall x1 |
| 19:48 | Pomfret · wall_segment Stone Wall x1 |
| 19:49 | Pomfret · wall_segment Stone Wall x1 |
| 19:49 | Pomfret · wall_segment Stone Wall x1 |
| 19:51 | Pomfret · wall_segment Stone Wall x1 |
| 20:40 | Pomfret · wall_segment Stone Wall x1 |
| 20:41 | Pomfret · wall_segment Stone Wall x1 |
| 20:43 | Pomfret · wall_segment Stone Wall x1 |
| 20:44 | Pomfret · wall_segment Stone Wall x1 |
| 20:54 | EsoTilinsito283 · first_building Monastery |
| 21:26 | Ghost12561 · first_building Castle |
| 22:38 | Ghost12561 · first_building Siege Workshop |
| 22:51 | Pomfret · first_building Barracks |
| 23:04 | guerrero.roberto.dc · first_building Barracks |
| 23:08 | EsoTilinsito283 · first_building Barracks |
| 23:10 | guerrero.roberto.dc · first_building Siege Workshop |
| 24:43 | guerrero.roberto.dc · first_building Archery Range |
| 24:45 | EsoTilinsito283 · first_building Archery Range |
| 25:17 | Pomfret · first_building Castle |
| 25:25 | EsoTilinsito283 · first_building Castle |
| 26:02 | guerrero.roberto.dc · first_building Castle |
| 26:14 | Pomfret · wall_segment Stone Wall x1 |
| 26:15 | Pomfret · wall_segment Stone Wall x1 |
| 26:16 | Pomfret · wall_segment Stone Wall x1 |
| 26:24 | 你过来啊 · wall_segment Stone Wall x2 |
| 26:29 | 你过来啊 · first_building Siege Workshop |
| 26:40 | guerrero.roberto.dc · first_building Monastery |
| 26:49 | EsoTilinsito283 · first_building Siege Workshop |
| 27:09 | Dharos · first_building Castle |
| 27:51 | Pomfret · first_building Stable |
| 28:00 | 你过来啊 · first_building Stable |
| 28:01 | Dharos · first_building Archery Range |
| 28:03 | Pomfret · first_building Archery Range |
| 28:48 | OozyAttic952717 · first_building Barracks |
| 28:55 | GoblinMasterUK · first_market_sell 500 food |
| 29:00 | Pomfret · age_up imperial |
| 29:56 | OozyAttic952717 · first_building Archery Range |
| 30:20 | 你过来啊 · age_up imperial |
| 30:28 | Dharos · first_market_sell 100 wood |
| 30:51 | OozyAttic952717 · first_building Castle |
| 30:57 | guerrero.roberto.dc · age_up imperial |
| 31:11 | Ghost12561 · first_building Barracks |
| 31:13 | guerrero.roberto.dc · first_market_sell 100 wood |
| 31:43 | 你过来啊 · first_market_sell 500 food |
| 32:10 | OozyAttic952717 · tribute_sent a jugador 1 |
| 32:10 | OozyAttic952717 · tribute_sent a jugador 2 |
| 32:10 | OozyAttic952717 · tribute_sent a jugador 3 |
| 32:10 | OozyAttic952717 · tribute_sent a jugador 4 |
| 32:10 | OozyAttic952717 · tribute_sent a jugador 5 |
| 32:10 | OozyAttic952717 · tribute_sent a jugador 7 |
| 32:10 | OozyAttic952717 · tribute_sent a jugador 8 |
| 32:12 | Dharos · tribute_sent a jugador 1 |
| 32:12 | Dharos · tribute_sent a jugador 3 |
| 32:12 | Dharos · tribute_sent a jugador 4 |
| 32:12 | Dharos · tribute_sent a jugador 5 |
| 32:12 | Dharos · tribute_sent a jugador 6 |
| 32:12 | Dharos · tribute_sent a jugador 7 |
| 32:12 | Dharos · tribute_sent a jugador 8 |
| 32:55 | GoblinMasterUK · wall_segment Stone Wall x8 |
| 32:56 | GoblinMasterUK · wall_segment Stone Wall x5 |
| 33:00 | GoblinMasterUK · wall_segment Stone Wall x10 |
| 33:42 | Dharos · age_up imperial |
| 33:48 | 你过来啊 · first_building Castle |
| 33:51 | GoblinMasterUK · age_up imperial |
| 35:11 | GoblinMasterUK · wall_segment Stone Wall x13 |
| 35:15 | GoblinMasterUK · wall_segment Stone Wall x6 |
| 35:21 | GoblinMasterUK · wall_segment Stone Wall x4 |
| 40:24 | OozyAttic952717 · tribute_sent a jugador 1 |
| 40:24 | OozyAttic952717 · tribute_sent a jugador 2 |
| 40:24 | OozyAttic952717 · tribute_sent a jugador 3 |
| 40:24 | OozyAttic952717 · tribute_sent a jugador 4 |
| 40:24 | OozyAttic952717 · tribute_sent a jugador 5 |
| 40:24 | OozyAttic952717 · tribute_sent a jugador 7 |
| 40:24 | OozyAttic952717 · tribute_sent a jugador 8 |
| 42:40 | GoblinMasterUK · tribute_sent a jugador 1 |
| 42:40 | GoblinMasterUK · tribute_sent a jugador 2 |
| 42:40 | GoblinMasterUK · tribute_sent a jugador 3 |
| 42:40 | GoblinMasterUK · tribute_sent a jugador 4 |
| 42:40 | GoblinMasterUK · tribute_sent a jugador 5 |
| 42:40 | GoblinMasterUK · tribute_sent a jugador 6 |
| 42:40 | GoblinMasterUK · tribute_sent a jugador 7 |
| 43:54 | OozyAttic952717 · wall_segment Stone Wall x1 |
| 44:44 | GoblinMasterUK · resign |
| 44:53 | OozyAttic952717 · tribute_sent a jugador 1 |
| 44:53 | OozyAttic952717 · tribute_sent a jugador 2 |
| 44:53 | OozyAttic952717 · tribute_sent a jugador 3 |
| 44:53 | OozyAttic952717 · tribute_sent a jugador 4 |
| 44:53 | OozyAttic952717 · tribute_sent a jugador 5 |
| 44:53 | OozyAttic952717 · tribute_sent a jugador 7 |
| 44:53 | OozyAttic952717 · tribute_sent a jugador 8 |
| 45:01 | OozyAttic952717 · tribute_sent a jugador 1 |
| 45:01 | OozyAttic952717 · tribute_sent a jugador 2 |
| 45:01 | OozyAttic952717 · tribute_sent a jugador 3 |
| 45:01 | OozyAttic952717 · tribute_sent a jugador 4 |
| 45:01 | OozyAttic952717 · tribute_sent a jugador 5 |
| 45:01 | OozyAttic952717 · tribute_sent a jugador 7 |
| 45:01 | OozyAttic952717 · tribute_sent a jugador 8 |
| 45:54 | OozyAttic952717 · wall_segment Stone Wall x1 |
| 45:57 | OozyAttic952717 · wall_segment Stone Wall x2 |
| 45:58 | OozyAttic952717 · wall_segment Stone Wall x1 |
| 49:27 | guerrero.roberto.dc · first_building Stable |
[ AI ANALYSIS · 1 CREDIT ]
What really happened in this match?
Wolo.gg analyzes every decision: build order, eco, micro, common mistakes by bracket. Personalized analysis on WhatsApp or Discord in 30 seconds.
Civ guide
Italians
Perfil
Jugador #24851061